Map: Newkirk Precinct TE (Void)

Players

Musumeci

  • Race: Zerg Zerg
  • League: Diamond
  • Spawn Location: 5:00

NathLescroc - Winner!

  • Race: Terran Terran
  • League: Diamond
  • Spawn Location: 7:00

VOD

Have the link to the VOD?

Description

Time

  • Played on: March 26, 2017, 2:46 p.m.
  • Length: 17:28
Show
View Real Time Build Order
Export as new Build Order

Musumeci Zerg 

Build Orders: Pool First 

Get SALT Encoding   

  12  0:04  Drone  
  13  0:08  Drone  
  14  0:17  Drone, Extractor  
  15  0:35  Spawning Pool  
  15  0:38  Extractor  
  15  0:39  Drone  
  15  0:58  Drone, Extractor x2  
  15  1:02  Overlord  
  16  1:17  Hatchery  
  15  1:21  Extractor  
  14  1:26  Zergling x2  
  14  1:27  Zergling x2  
  16  1:35  Drone  
  16  1:37  Drone  
  19  1:48  Drone  
  20  1:59  Queen  
  22  2:04  Overlord  
  23  2:22  Drone  
  23  2:23  Drone  
  20  2:46  Queen  
  20  2:47  Drone x4  
  20  2:50  Queen  
  28  2:53  Overlord  
  28  3:02  Spore Crawler  
  28  3:04  Extractor  
  25  3:06  Spore Crawler  
  24  3:19  Drone x3  
  29  3:20  Drone x3  
  30  3:37  Queen, Drone  
  30  3:39  Drone  
  30  3:40  Drone x2  
  36  4:19  Hatchery  
  35  4:27  Drone x8  
  35  4:28  Drone  
  35  4:30  Extractor  
  43  4:38  Extractor  
  42  4:39  Roach Warren  
  41  4:53  Evolution Chamber  
  41  4:55  Evolution Chamber  
  39  5:02  Overlord x3  
  39  5:17  Overlord x3  
  39  5:20  Roach x3  
  45  5:34  Roach  
  45  5:35  Roach x2  
  51  5:42  Roach x2  
  55  5:47  Roach  
  57  6:03  Drone x6  
  63  6:15  Roach x2  
  67  6:20  Evolution Chamber  
  67  6:22  Evolution Chamber  
  67  6:23  Drone  
  66  6:28  Drone  
  66  6:32  Drone x4  
  71  6:41  Roach x2  
  75  6:47  Lair  
  75  6:48  Zerg Missile Weapons Level 1  
  75  6:49  Drone x2, Extractor  
  75  6:52  Drone  
  77  6:54  Drone  
  77  6:55  Extractor  
  77  6:56  Drone x3  
  80  7:12  Roach  
  80  7:13  Roach x4  
  88  7:34  Spore Crawler  
  85  7:49  Drone  
  85  7:50  Drone x4  
  90  7:52  Overlord x4  
  90  7:56  Glial Reconstitution  
  90  7:57  Zerg Ground Armor Level 1  
  90  8:07  Overlord x4  
  90  8:09  Queen  
  92  8:15  Ravager x4  
  92  8:18  Drone  
  92  8:19  Drone x4, Extractor  
  100  8:20  Extractor  
  100  8:22  Drone  
  100  8:31  Spore Crawler x2  
  98  8:35  Roach x9  
  98  8:36  Roach x2  
  120  8:43  Zerg Missile Weapons Level 2  
  120  9:00  Roach x10  
  107  9:20  Roach  
  107  9:21  Roach x10  
  98  9:49  Ravager x7  
  91  10:03  Roach x10  
  93  10:17  Roach x5  
  93  10:18  Roach x4  
  100  10:31  Drone x2  
  100  10:32  Queen, Drone x4  
  100  10:35  Roach x2  
  112  10:49  Zerg Ground Armor Level 2  
  112  10:55  Overlord x4  
  112  11:01  Roach x2  
  112  11:02  Roach x3  
  122  11:13  Ravager x2  
  122  11:14  Ravager  
  122  11:17  Ravager x4  
  131  11:18  Roach x2  
  131  11:19  Roach  
  135  11:26  Roach x4  
  143  11:35  Roach  
  143  11:36  Roach x4  
  153  11:54  Overlord x4  
  153  11:59  Ravager  
  154  12:06  Extractor  
  154  12:07  Hatchery  
  152  12:10  Extractor  
  152  12:12  Ravager  
  152  12:13  Ravager x2  
  152  12:14  Ravager  
  143  12:25  Roach x5  
  143  12:26  Roach x5  
  132  12:59  Roach  
  132  13:00  Roach x10  
  118  13:14  Roach x8  
  135  13:20  Ravager x8  
  142  13:30  Queen  
  142  13:36  Roach x7  
  157  13:41  Ravager x2  
  157  13:42  Ravager x2  
  154  13:57  Roach x7  
  168  14:05  Drone  
  168  14:06  Drone x4  
  161  14:18  Ravager x6  
  161  14:21  Roach x4  
  161  14:23  Overlord  
  169  14:34  Ravager x5  
  169  14:35  Ravager  
  172  14:45  Infestation Pit  
  169  14:59  Roach x12  
  173  15:06  Roach x3  
  162  15:33  Roach  
  162  15:34  Roach x9  
  125  16:08  Roach x10  
  119  16:39  Ravager x14  
  126  16:40  Ravager  
  126  16:41  Hatchery  
  126  16:47  Roach x2  
  95  17:04  Roach  
  95  17:05  Roach x3  
  76  17:14  Ravager x2  
Show
View Real Time Build Order
Export as new Build Order

NathLescroc Terran - Winner!

Build Orders: Bio Tank 

Get SALT Encoding   

  12  0:00  SCV  
  13  0:12  SCV  
  14  0:18  Supply Depot  
  14  0:25  SCV  
  15  0:40  SCV, Barracks  
  16  0:44  Refinery  
  16  0:52  SCV  
  17  1:04  SCV  
  18  1:12  Refinery  
  18  1:16  SCV  
  19  1:28  SCV, Reaper  
  21  1:42  Command Center  
  21  1:54  Orbital Command  
  21  2:01  Barracks Reactor  
  21  2:09  Supply Depot  
  21  2:21  Factory  
  21  2:25  SCV  
  21  2:38  SCV  
  19  2:49  Marine  
  19  2:50  SCV  
  21  3:00  Marine  
  21  3:02  SCV  
  23  3:07  Marine  
  23  3:09  Factory Tech Lab  
  24  3:14  SCV  
  24  3:18  Marine  
  27  3:24  Marine  
  27  3:26  SCV  
  28  3:28  Siege Tank  
  28  3:33  Starport  
  31  3:38  SCV  
  32  3:42  Orbital Command  
  32  3:51  SCV  
  32  3:52  Marine  
  34  4:02  Marine  
  34  4:03  SCV, Siege Tank  
  34  4:09  Medivac  
  40  4:13  SCV  
  40  4:15  SCV  
  42  4:19  Marine  
  42  4:21  Marine  
  44  4:27  SCV  
  45  4:37  Marine  
  46  4:40  Supply Depot  
  46  4:47  Supply Depot  
  46  4:49  Barracks  
  46  5:01  Marine x2  
  46  5:02  SCV x2, Medivac  
  46  5:03  Supply Depot  
  52  5:09  Siege Tank  
  55  5:19  Marine x2  
  57  5:34  SCV x2  
  57  5:39  Marine x2  
  57  5:40  Barracks Tech Lab  
  57  5:41  Starport Reactor  
  57  5:42  Barracks, Siege Tank  
  62  5:47  SCV x2  
  62  5:58  Marine  
  62  5:59  SCV, Marine  
  62  6:01  Stimpack, Marine  
  62  6:02  SCV  
  67  6:11  Refinery, SCV  
  67  6:12  Refinery  
  67  6:14  SCV, Supply Depot  
  69  6:19  Supply Depot  
  69  6:23  SCV  
  70  6:29  Barracks Tech Lab  
  70  6:34  Supply Depot  
  70  6:35  Marine  
  70  6:36  SCV x2, Medivac  
  75  6:41  Medivac  
  75  6:45  Command Center  
  77  6:48  SCV x2  
  77  6:49  Combat Shields, Engineering Bay  
  77  6:50  Marine x2  
  77  6:51  Engineering Bay  
  81  6:57  Supply Depot  
  81  7:00  SCV x2  
  83  7:03  Marine x2, Supply Depot  
  83  7:07  Marine  
  83  7:08  Marine  
  87  7:12  SCV x2  
  86  7:24  SCV  
  86  7:25  SCV  
  86  7:26  Marauder  
  86  7:27  Marauder  
  91  7:37  SCV x2  
  92  7:41  Medivac x2  
  92  7:42  Supply Depot  
  92  7:43  Marine x2  
  94  7:47  Marine  
  94  7:48  Marauder  
  94  7:49  SCV x2  
  94  7:50  Siege Tank  
  101  8:01  Marine x2  
  101  8:05  Marine  
  103  8:07  Concussive Shells  
  103  8:09  Marauder, SCV, Terran Infantry Weapons Level 1  
  103  8:10  SCV, Terran Infantry Armor Level 1  
  108  8:14  Medivac x2  
  112  8:23  Orbital Command  
  112  8:24  SCV x2  
  112  8:26  Marauder  
  116  8:29  Siege Tank  
  120  8:34  Reaper  
  120  8:36  SCV x2  
  120  8:37  Marine  
  120  8:39  Marine  
  124  8:48  SCV x2, Supply Depot  
  126  8:49  Missile Turret  
  126  8:57  Marine  
  126  9:01  Siege Tank  
  128  9:14  Marine  
  128  9:15  Marine x3  
  111  9:32  Marine  
  111  9:33  Marine x3  
  115  9:44  Medivac x2  
  118  9:48  Refinery, Command Center  
  118  9:50  Marine x2  
  118  9:51  Barracks, Marine x2  
  121  9:53  Barracks  
  121  9:54  Barracks  
  121  9:57  Widow Mine  
  120  10:08  Marine x2  
  113  10:14  Refinery  
  113  10:19  Marine x2  
  104  10:26  Marine x2, Medivac x2  
  104  10:28  Siege Tank  
  105  10:32  Armory  
  102  10:37  Marine x2  
  104  10:43  Barracks Reactor, Barracks, Marine  
  104  10:44  Barracks Reactor, Marine, Supply Depot  
  104  10:45  Supply Depot  
  104  10:49  Barracks Reactor  
  106  10:54  SCV x2  
  106  10:55  Marine x2  
  106  10:56  Medivac x2  
  114  11:00  Orbital Command, Siege Tank  
  114  11:01  Marine, Supply Depot  
  118  11:06  Missile Turret  
  118  11:07  Supply Depot  
  118  11:09  Supply Depot  
  118  11:17  Marauder x2, Missile Turret  
  122  11:19  Marine x2  
  122  11:20  Marine x2  
  122  11:23  Terran Infantry Weapons Level 2  
  122  11:24  Terran Infantry Armor Level 2  
  126  11:26  Marine x2, Medivac x2  
  126  11:31  Marine  
  126  11:32  Marine, Siege Tank  
  137  11:36  Barracks Reactor  
  137  11:37  Marine x3  
  137  11:38  Marauder, Marine  
  137  11:39  Marauder  
  145  11:42  Missile Turret  
  145  11:44  Marine  
  145  11:45  Marine  
  145  11:49  Marine x2  
  147  11:55  Orbital Command, Marine x4  
  147  11:56  Medivac x2  
  147  11:59  Marine  
  147  12:00  Marine  
  157  12:02  Marine  
  157  12:03  Marine  
  157  12:04  Siege Tank  
  157  12:05  Terran Vehicle Weapons Level 1  
  158  12:09  Marine x2  
  158  12:13  Marine x4  
  164  12:16  Marine  
  164  12:17  Marine x2  
  164  12:28  Medivac x2  
  168  12:30  Marine  
  168  12:31  Marine x7  
  168  12:34  Marine x2  
  168  12:35  Marine x2  
  168  12:36  Siege Tank  
  181  12:48  Marine  
  181  12:49  Marine  
  167  12:53  Marine  
  167  12:55  Marine  
  142  13:01  Marine  
  142  13:02  Marine x5  
  130  13:08  Siege Tank  
  130  13:12  Marine x4  
  126  13:16  SCV x3  
  126  13:17  SCV  
  126  13:18  Marine, Command Center  
  126  13:19  Marine x3, Medivac x2  
  140  13:23  Marine  
  142  13:28  SCV  
  142  13:30  Marine  
  142  13:32  Liberator x2  
  144  13:37  Marine  
  144  13:39  Marauder x2  
  144  13:40  Siege Tank  
  150  13:51  Marine  
  152  13:58  Marine x8  
  152  13:59  Marine x2  
  152  14:00  Marine  
  160  14:05  SCV x2  
  160  14:06  Refinery  
  160  14:07  Refinery  
  160  14:08  Marine  
  160  14:12  Siege Tank  
  160  14:16  Marine x9  
  151  14:17  Marine x2  
  151  14:22  Supply Depot  
  151  14:23  Liberator x2, Supply Depot  
  153  14:24  Supply Depot  
  153  14:26  Marine  
  154  14:33  Marine  
  154  14:34  Marine x8  
  154  14:35  Marine x2  
  163  14:44  Marine  
  163  14:45  Siege Tank  
  173  14:49  Command Center  
  173  14:51  Marine  
  153  15:00  Marine  
  153  15:03  Marine x9  
  153  15:05  Liberator  
  153  15:06  Liberator  
  163  15:16  Marine x2  
  163  15:17  Siege Tank  
  163  15:18  Marine  
  163  15:20  Marine  
  163  15:21  Marine  
  170  15:27  Marine  
  177  15:29  Marine  
  177  15:30  Marine x5  
  178  15:48  Marine x8  
  174  16:08  Marine  
  164  16:13  Medivac x2  
  168  16:21  Marine  
  168  16:23  Marine  
  169  16:25  Marine  
  165  16:37  Marine x6  
  167  16:42  Marine  
  167  16:43  Marine x5  
  170  16:55  Marine  
Tags
 
Add a new tag
Caveats
  • Supply blocks, unpowered buildings, or Contaminate may cause inaccurate times.
  • Supply counts are checked every 10 seconds.